 Dungeon Crawl Stone Soup version 0.29-a0-356-g7bc237e783 (webtiles) character file.

Game seed: 1742520642923311480

37 rabbitsville the Skirmisher (level 3, -3/44 HPs)
             Began as an Ogre Monk on Apr 25, 2022.
             Slain by Robin
             ... wielding a +0 short sword
              (6 damage)
             ... on level 2 of the Dungeon.
             The game lasted 00:02:58 (1426 turns).

rabbitsville the Skirmisher (Ogre Monk)             Turns: 1426, Time: 00:02:59

Health: -3/44      AC:  3    Str: 17    XL:     3   Next: 41%
Magic:  3/3        EV: 10    Int: 11    God:
Gold:   38         SH:  0    Dex: 11    Spells: 2/2 levels left

rFire   + + .      SeeInvis .   a - +0 mace
rCold   + . .      Faith    .   (no shield)
rNeg    . . .      Spirit   .   b - +0 robe
rPois   +          Reflect  .   (helmet restricted)
rElec   +          Harm     .   (no cloak)
rCorr   +          Rampage  .   (gloves unavailable)
Will    .....                   (boots unavailable)
Stlth   +.........              d - amulet of magic regeneration
HPRegen 0.14/turn               f - ring of protection from fire
MPRegen 0.48/turn               (no ring)

@: confused, resistant, ambrosia-drunk, hasted, very quick
A: large, unfitting armour, tough skin 1
a: no special abilities


You were on level 2 of the Dungeon.
You visited 1 branch of the dungeon, and saw 2 of its levels.

You collected 38 gold pieces.

Inventory:

Hand Weapons
 a - a +0 mace (weapon)
Armour
 b - a +0 robe (worn)
Jewellery
 d - an amulet of magic regeneration (around neck)
 f - a ring of protection from fire (left hand)
Scrolls
 e - 2 scrolls of identify {unknown}
 g - 3 scrolls of blinking {unknown}
 j - a scroll of vulnerability {unknown}


   Skills:
 + Level 5.8 Fighting
 - Level 2.6 Maces & Flails
 - Level 2.6 Dodging
 - Level 1.4 Stealth


You had 2 spell levels left.
You didn't know any spells.
Your spell library was empty.

Dungeon Overview and Level Annotations

Branches:
Dungeon (2/15)

Altars:

Shops:
D:2 =

Annotations:
D:2 Robin


Innate Abilities, Weirdness & Mutations

You are too large for most types of armour.
You have tough skin. (AC +1)


Message History

The goblin barely misses you.
Robin drinks a potion.
Robin seems to grow stronger.
A goblin comes into view. It is wielding a +0 dagger.
The hobgoblin hits you but does no damage.
You closely miss the hobgoblin.
The hobgoblin is moderately wounded.
The goblin completely misses you. The hobgoblin closely misses you.
You sock the hobgoblin!
You kill the hobgoblin!
The goblin hits you but does no damage.
You sock Robin!
Robin is moderately wounded.
The goblin misses you. Robin barely misses you.
Robin roars a battlecry!
The goblins go into a battle-frenzy!
The goblin completely misses you.
You sock Robin!
Robin is almost dead.
The goblin hits you but does no damage. Robin hits you with a +0 short sword.
You hit Robin but do no damage.
Robin is almost dead.
The goblin hits you with a +0 dagger. Robin hits you with a +0 short sword.
You hit Robin but do no damage.
Robin is almost dead.
Robin barely misses you. The goblin hits you with a +0 dagger.
Robin hits you with a +0 short sword.
* * * LOW HITPOINT WARNING * * *
The goblin misses you.
It was a potion of haste.
You feel yourself speed up. The goblin barely misses you.
Robin barely misses you.
It was a potion of resistance.
You feel protected.
You are confused.
You feel invigorated. The goblin hits you but does no damage.
Robin hits you with a +0 short sword!
* * * LOW HITPOINT WARNING * * *
You barely miss the goblin. The goblin hits you with a +0 dagger.
* * * LOW HITPOINT WARNING * * *
Robin hits you with a +0 short sword.
You die...

#....# ..
####.# #.#
#######.∩# .#
#........#
#........#
####........###
.........g..gg#
............#g#
.....########@#
...g. #g# ....
#.# ... #.# .
#.# ..# #.# #.#
###


You could see Robin (strong), 2 hobgoblins and a goblin (strong).

Vanquished Creatures
  A worm (D:2)
  A ball python (D:1)
  5 bats (D:1)
  3 endoplasms (D:1)
  A giant cockroach (D:1)
  7 goblins
  2 hobgoblins
  2 quokkas (D:1)
  2 frilled lizards (D:1)
  2 kobolds (D:1)
  4 rats
30 creatures vanquished.

Notes
Turn   | Place    | Note
-------+----------+-------------------------------------------
     0 | D:1      | rabbitsville the Ogre Monk began the quest for the Orb.
     0 | D:1      | Reached XP level 1. HP: 24/24 MP: 1/1
   323 | D:1      | Reached XP level 2. HP: 15/33 MP: 2/2
   553 | D:1      | Reached skill level 5 in Fighting
   817 | D:1      | Reached XP level 3. HP: 33/42 MP: 3/3
  1146 | D:2      | Found a faded altar of an unknown god.
  1370 | D:2      | Found Putoc's Jewellery Shop.
  1411 | D:2      | Noticed Robin
  1426 | D:2      | Slain by Robin

Illustrated notes

Levels and vault maps discovered:
D:1:      dpeg_cavernosity, layout_rooms
D:2:      layout_basic, basic_ecumenical_altar, serial_shops, shop, uniq_robin

Skill      XL: |  1  2 |
---------------+-------+-----
Fighting       | 5 |  5.8
Maces & Flails | |  2.6
Dodging        | |  2.6
Stealth        | |  1.4

Action                   || total
-------------------------++-------
Melee: Mace              ||   116
       Punch             ||     2
  Use: Potion            ||     3
Armor: Robe              ||    68
Dodge: Dodged            ||    97

Table legend: (Time is in decaauts)
 A = Elapsed time spent in this place.
 B = Non-inter-level travel time spent in this place.
 C = Inter-level travel time spent in this place.
 D = Time resting spent in this place.
 E = Time spent auto-exploring this place.
 F = Levels seen in this place.
 G = Mean time per level.
                   A        B        C        D        E       F      G
               +--------+--------+--------+--------+--------+-----+--------+
         Total |   1456 |   1404 |     52 |      0 |   1072 |   2 |  728.0 |
       Dungeon |   1456 |   1404 |     52 |      0 |   1072 |   2 |  728.0 |
               +--------+--------+--------+--------+--------+-----+--------+

Top non-repeatable levels by time:
     D:1: 1152 daAuts
     D:2: 304 daAuts
